Dungeon Crawl Stone Soup version 0.4-svn (crawl-ref) character file.

921782 splat the Slayer (level 27, 278/278 HPs) Began as a Mountain Dwarf Paladin on Apr 20, 2008. Was the Champion of The Shining One. Escaped with the Orb ... and 4 runes! Dgl's game lasted 09:24:30 (110035 turns). splat the Slayer (921782 points) Race : Mountain Dwarf Res.Fire : + + + See Invis. : + Class : Paladin Res.Cold : + . . Warding : . Worship : The Shining****** Life Prot.: + + + Conserve : + Level : 27 Res.Poison: + Res.Corr. : . Exp : 1635032 Res.Elec. : + Saprovore : . . . Spls.Left : 28 Gold : 13708 Sust.Abil.: . Rnd.Telep. : . Res.Mut. : . Ctrl.Telep.: . HP : 278 Res.Slow : . Levitation : . MP : 27 Clarity : . Ctrl.Flight: . Str : 28 Int : 11 Weapon : +5,+9 blessed blade of The Shining One Dex : 15 Armour : +5 gold dragon armour AC : 47 Shield : +0 shield of the Iron Devil Evasion : 5 Helmet : +2 cap of see invisible Shield : 11 Cloak : +2 elven cloak Gloves : +2 pair of gloves of dexterity Play time : 09:24:30 Boots : +1 pair of boots of running Turns : 110035 Amulet : amulet of conservation Ring : ring of regeneration Ring : ring of protection from fire You escaped. You worshipped The Shining One. The Shining One was exalted by your worship. You were not hungry. You visited 14 branches of the dungeon, and saw 92 of its levels. You visited the Abyss 1 time. You visited 1 portal chamber (including bazaars).

Inventory:

Hand weapons
 a - the +5,+9 blessed blade of The Shining One's Generosity (weapon) {+fire, SI}
   (The Shining One gifted it to you in the Ecumenical Temple)

   It has been blessed by the Shining One to cause great damage to the undead
   and the unholy creatures of Hell or Pandemonium.
   It protects you from fire.
   It enhances your eyesight.
   It weighs around 17.0 aum.
   This ancient artefact cannot be changed by magic or mundane means.
 b - a +5,+3 scimitar of flaming
 M - the +2,+7 scimitar "Gaoreyroo" {holy, +4 ac, +fire}
   (You found it on level 13 of the Dungeon)

   It has been blessed by the Shining One to cause great damage to the undead
   and the unholy creatures of Hell or Pandemonium.
   It affects your AC (+4).
   It protects you from fire.
   It weighs around 17.0 aum.
   This ancient artefact cannot be changed by magic or mundane means.
Armour
 j - a +2 cap of see invisible (worn)
 o - a +5 gold dragon armour (worn)
 B - a +2 pair of gloves of dexterity (worn)
 F - a +2 pair of boots of levitation
 I - a +2 elven cloak (worn)
 R - the +0 shield of the Iron Devil (worn) {+1 acc, ins, +life, MR}
   (You found it on level 7 of the Elven Halls)

   It affects your accuracy (+1).
   It insulates you from electricity.
   It protects you from negative energy.
   It increases your resistance to enchantments.
   It weighs around 15.0 aum.
   This ancient artefact cannot be changed by magic or mundane means.
 X - a +1 pair of boots of running (worn)
Magical devices
 c - a wand of invisibility (3)
 m - a wand of teleportation (5)
 y - a wand of teleportation (11)
 D - a wand of disintegration (3)
 J - a wand of digging (0)
 V - a wand of healing (8)
 W - a wand of healing (6)
 Y - a wand of digging (5)
 Z - a wand of digging (9)
Comestibles
 e - 3 bread rations
 f - 2 royal jellies
 g - a honeycomb
 l - 5 meat rations
Scrolls
 d - a scroll of enchant weapon II
 r - a scroll of detect curse
 t - a scroll of remove curse
 w - a scroll of fog
 L - 2 scrolls of recharging
 Q - 2 scrolls of blinking
Jewellery
 i - an uncursed amulet of resist corrosion
 u - an amulet of conservation (around neck)
 v - an uncursed amulet of resist slowing
 z - a ring of protection from fire (left hand)
 A - an uncursed ring of poison resistance
 E - the ring "Afehe" {sustain MR}
   (You found it on level 5 of the Crypt)

   This ring protects its wearer from the loss of their strength, dexterity and
   intelligence.
   It increases your resistance to enchantments.
   It weighs around 1.0 aum.
   It is an ancient artefact.
 G - an uncursed ring of protection from cold
 N - the cursed amulet of Cekugob {ward, +1 ac, +1 ev, ins, +pois, +life, -tele, +food}
   (You found it on level 13 of the Dungeon)

   This amulet repels some of the attacks of creatures which have been magically
   summoned, and also makes the wearer more resistant to draining attacks.
   It affects your AC (+1).
   It affects your evasion (+1).
   It insulates you from electricity.
   It protects you from poison.
   It protects you from negative energy.
   It prevents most forms of teleportation.
   It speeds your metabolism.
   It has a curse placed upon it.
 S - a ring of regeneration (right hand)
 T - an uncursed amulet of the gourmand
 U - an uncursed amulet of resist mutation
Potions
 q - 2 potions of speed
 s - 2 potions of might
 C - 4 potions of heal wounds
 K - 3 potions of cure mutation
Magical staves
 H - a rod of warding (9/9)
   (You found it on level 5 of the Elven Halls)
Orbs of Power
 p - the Orb of Zot
Miscellaneous
 h - an iron rune of Zot
 k - a bone rune of Zot
 O - a silver rune of Zot
 P - a serpentine rune of Zot You had 18517 experience left.


   Skills:
 * Level 27 Fighting
 * Level 27 Long Blades
 + Level 18 Armour
 + Level 8 Dodging
 * Level 27 Shields
 + Level 10 Traps & Doors
 - Level 1 Spellcasting
 + Level 5 Invocations
 + Level 12 Evocations


You had 28 spell levels left.
You didn't know any spells.

Overview of the Dungeon

Branches:
Temple: D:7 Orc : D:10 Elf : Orc:3 Lair : D:12 Swamp : Lair:5 Slime : Lair:10 Snake : Lair:4 Hive : D:11 Vault : D:16 Blade : Vault:5 Crypt : Vault:4 Tomb : Crypt:3 Dis : Hell Tar : Hell Zot : D:27

Altars:
The Shining One: Elf:3 Kikubaaqudgha: Vault:1 Vehumet: Elf:2

Shops:
D:10: [ D:14: [ D:23: + D:24: = Orc:2: !+[* Lair:5: %+% Lair:6: [ Lair:10: ( Vault:8: *[[

Portals:
Hell: D:21 D:22 D:23 D:24 D:25 D:26 D:27
Abyss: D:22 D:24 D:25
Pan: D:21 D:24 D:25


Message History

You hear a grinding noise.
This wand has 6 charges left.
A rock wall.
You hear a grinding noise.
This wand has 5 charges left.
There is a stone staircase leading up here.
You have escaped!

## ##.........##..# #. .##
##........###.# #. ..#
#####.....##.# #. ..###
##.....#.# #. ....######
#####.#.# #.
###...##.########...#.# #. #
###...##..##.#....#.# #. #
####...........##.# #. #
####.....###.@..###.# #.
###......####....###..# #.
#....#.#.# #.######..## #.
#.)...##.#######.....##########.
................................
##..####.######.####.##########.
#..# #.# #.# #.##########. #..#
#.# #.# #............ #..# #.#
#.# ############.

Vanquished Creatures
  Monster Symbol All ' '
  48 shadows
48 creatures vanquished. All ';' A giant goldfish (Elf:4) 7 big fish 10 electrical eels
18 creatures vanquished. All '(' 55 dancing weapons
55 creatures vanquished. All ')' 9 mimics
9 creatures vanquished. All '@' Margery (D:24) Frederick (Crypt:1) Rupert (Crypt:1) Duane (D:23) Frances (Snake:2) Wayne (Vault:7) Francis (Snake:5) Louise (Vault:2) Norbert (Vault:1) Jozef (D:19) 24 vault guards (Vault:7) Josephine (Snake:2) 3 wizards Joseph (D:15) 8 hell knights 7 necromancers Psyche (D:12) Donald (D:13) Jessica (D:3)
57 creatures vanquished. All '*' 3 orbs of fire
3 creatures vanquished. All '&' Ereshkigal (Tar:7) Dispater (Dis:7) Geryon (Hell)
3 creatures vanquished. All '#' A vapour (D:23)
1 creature vanquished. All '%' 4 death cobs
4 creatures vanquished. All '1' 5 Fiends 4 Ice Fiends 7 Shadow Fiends A Balrug (Crypt:5) 5 Executioners 3 Green Deaths A Pit Fiend (Crypt:5)
26 creatures vanquished. All '2' 2 sun demons A soul eater (Tar:7) 5 ice devils 26 reapers
34 creatures vanquished. All '3' 7 hellions 19 tormentors 2 hellwings 3 ynoxinuls 7 blue devils 6 shadow demons An orange demon (D:22) A neqoxec (D:19) 44 iron devils
90 creatures vanquished. All '4' 2 smoke demons A hairy devil (Dis:2) 7 red devils 5 rotting devils A beast (D:21)
16 creatures vanquished. All '5' 25 imps A quasit (D:7) 4 lemures 5 midges A manes (Dis:5) 10 shadow imps 23 ufetubi
69 creatures vanquished. All '8' An electric golem (Zot:1) An iron golem (D:20) A toenail golem (Abyss) A wood golem (D:14) A clay golem (Dis:3) 2 orange crystal statues (D:16)
7 creatures vanquished. All '9' 12 metal gargoyles (Dis:7)
12 creatures vanquished. All 'a' 2 soldier ants 10 giant ants 7 giant cockroaches
19 creatures vanquished. All 'b' 2 butterflies 86 giant bats
88 creatures vanquished. All 'B' 2 boring beetles A boring beetle (shapeshifter) (D:22) 7 boulder beetles 4 giant beetles
14 creatures vanquished. All 'c' 48 yaktaur captains 24 centaur warriors 57 yaktaurs 2 yaktaurs (shapeshifter) 40 centaurs
171 creatures vanquished. All 'C' A titan (Vault:8) 4 frost giants 4 fire giants 41 stone giants Polyphemus (D:24) A hill giant (shapeshifter) (Vault:8) 25 hill giants 17 cyclopes A cyclops (shapeshifter) (Vault:5) 2 ettins (Vault:1)
97 creatures vanquished. All 'd' Tiamat (Zot:1) 5 draconian monks 2 draconian scorchers 8 draconian knights 3 draconian zealots 7 pale draconians 10 draconian annihilators 2 draconian shifters 3 draconian callers 7 mottled draconians 8 yellow draconians 7 purple draconians 13 green draconians 6 black draconians 8 red draconians 5 white draconians
95 creatures vanquished. All 'D' Xtahua (Vault:7) 4 golden dragons 8 shadow dragons 12 storm dragons 10 skeletal dragons 10 dragons 9 hydras 5 ice dragons A swamp dragon (shapeshifter) (D:21) 5 wyverns 2 mottled dragons A steam dragon (Lair:7)
68 creatures vanquished. All 'e' 2 deep elf blademasters (Elf:7) 7 deep elf death magi (Elf:7) 2 deep elf master archers (Elf:7) 10 deep elf annihilators (Elf:7) 3 deep elf sorcerers 3 deep elf demonologists (Elf:7) A deep elf high priest (Elf:7) 33 deep elf knights 18 deep elf conjurers 15 deep elf summoners 21 deep elf fighters 12 deep elf priests 28 deep elf magi 41 deep elf soldiers
196 creatures vanquished. All 'E' 2 efreeti
2 creatures vanquished. All 'f' A fungus (Elf:7)
1 creature vanquished. All 'F' 11 giant brown frogs 8 spiny frogs 16 blink frogs 15 giant frogs
50 creatures vanquished. All 'g' Ijyb (D:3) 11 gnolls 18 goblins 22 hobgoblins
52 creatures vanquished. All 'G' 2 great orbs of eyes An eye of draining (D:11) 3 giant eyeballs
6 creatures vanquished. All 'h' 5 hell-hogs 39 hell hounds 9 war dogs 20 wargs 9 wolves 25 hounds 22 jackals
129 creatures vanquished. All 'H' 2 sphinxes 4 griffons A griffon (shapeshifter) (Vault:8) 6 hippogriffs A manticore (D:15) A manticore (shapeshifter) (Hell)
15 creatures vanquished. All 'I' 6 ice beasts
6 creatures vanquished. All 'j' An elephant slug (Lair:9) 8 giant snails A giant snail (shapeshifter) (Vault:8) 9 giant slugs
19 creatures vanquished. All 'J' An azure jelly (Elf:4) 5 death oozes (Elf:4) 2 giant amoebae A giant amoeba (shapeshifter) (D:24) 83 slime creatures 4 brown oozes (Elf:4) 6 jellyfish 9 jellies 9 oozes
120 creatures vanquished. All 'k' A bumblebee (shapeshifter) (Elf:2) 156 killer bees
157 creatures vanquished. All 'K' 7 big kobolds 37 kobolds
44 creatures vanquished. All 'l' A death drake (D:16) A death drake (shapeshifter) (Vault:8) 10 komodo dragons 5 gila monsters 9 giant lizards 10 giant iguanas 12 giant geckos 7 giant newts
55 creatures vanquished. All 'L' 2 ancient liches 5 liches
7 creatures vanquished. All 'm' 2 mermaids (shapeshifter)
2 creatures vanquished. All 'M' A greater mummy (D:19) 2 guardian mummies (D:19) 10 mummies
13 creatures vanquished. All 'n' 42 necrophages 5 ghouls
47 creatures vanquished. All 'N' 6 greater nagas (Snake:5) 13 naga warriors 2 guardian nagas (shapeshifter) 21 naga magi 2 nagas (shapeshifter) 59 nagas
103 creatures vanquished. All 'o' 26 orc knights 6 orc sorcerers Urug (D:15) 54 orc warriors 32 orc priests 48 orc wizards 261 orcs
428 creatures vanquished. All 'O' 7 ogre-magi 13 two-headed ogres A two-headed ogre (shapeshifter) (Vault:8) An ogre (shapeshifter) (D:27) 43 ogres
65 creatures vanquished. All 'p' The ghost of daf the Reanimator, a powerful OMNe (Lair:3) 4 flayed ghosts 7 hungry ghosts 9 insubstantial wisps (Hell) 10 phantoms
31 creatures vanquished. All 'P' 3 plants
3 creatures vanquished. All 'Q' 2 queen bees
2 creatures vanquished. All 'r' 19 orange rats 63 green rats 7 quokkas 41 rats 68 grey rats
198 creatures vanquished. All 'R' A rakshasa (Vault:3) 17 illusory rakshasas
18 creatures vanquished. All 's' 5 wolf spiders A redback (Vault:8) 2 redbacks (shapeshifter) 4 scorpions 3 giant centipedes 3 giant mites
18 creatures vanquished. All 'S' 4 grey snakes A grey snake (shapeshifter) (Vault:5) 19 black snakes 4 yellow snakes 33 brown snakes 39 snakes 4 small snakes
104 creatures vanquished. All 'T' Snorg (Vault:1) 23 deep trolls 7 iron trolls A deep troll (shapeshifter) (Elf:6) 5 rock trolls 11 trolls
48 creatures vanquished. All 'u' 8 very ugly things 87 ugly things An ugly thing (shapeshifter) (Vault:8)
96 creatures vanquished. All 'U' 2 grizzly bears (Lair:6)
2 creatures vanquished. All 'v' A spatial vortex (Tar:3)
1 creature vanquished. All 'V' 2 vampire knights 2 vampire magi 14 vampires
18 creatures vanquished. All 'w' 2 spiny worms A spiny worm (shapeshifter) (D:20) 2 lava worms (D:13) A brain worm (shapeshifter) (Vault:2) 6 brain worms 10 worms A worm (shapeshifter) (D:18) 55 killer bee larvae
78 creatures vanquished. All 'W' 2 shadow wraiths 12 spectral warriors 28 wraiths 12 freezing wraiths 24 wights
78 creatures vanquished. All 'x' 3 unseen horrors An abomination (D:23)
4 creatures vanquished. All 'X' 13 Orb Guardians (Zot:5) 16 tentacled monstrosities
29 creatures vanquished. All 'y' A red wasp (Vault:7) A red wasp (shapeshifter) (Vault:2) 21 moths of wrath 10 giant blowflies 11 yellow wasps
44 creatures vanquished. All 'Y' 18 death yaks 68 yaks 10 sheep
96 creatures vanquished. All 'z' A curse toe (Zot:4) A curse skull (Crypt:5) 90 skeletal warriors A red draconian skeleton (Zot:4) A spiny worm skeleton (D:23) A human skeleton (Crypt:3) A purple draconian zombie (Zot:4) A white draconian zombie (Zot:5) 2 queen ant zombies (Crypt:4) A guardian naga skeleton (Crypt:2) 20 ugly thing skeletons 3 grey snake zombies 2 bumblebee skeletons 2 queen bee skeletons 2 blink frog skeletons A hog skeleton (Crypt:3) 4 redback skeletons A yellow snake skeleton (Tar:7) A guardian naga simulacrum (Crypt:2) An ugly thing simulacrum (D:18) 2 brain worm skeletons A guardian naga zombie (Crypt:5) 20 human zombies A naga skeleton (Snake:2) 2 ugly thing zombies 2 black snake zombies (Tar:7) 2 bumblebee zombies A queen bee zombie (Crypt:4) A swamp drake skeleton (Tar:7) 3 blink frog zombies A firedrake zombie (Dis:1) A hog zombie (Crypt:3) A redback zombie (Crypt:2) A soldier ant zombie (Dis:3) A yellow snake zombie (Tar:7) 4 big kobold zombies A brain worm zombie (Crypt:2) 8 elf zombies 3 giant lizard zombies A naga zombie (Crypt:2) 2 worm zombies 5 wyvern zombies 42 flying skulls An orange rat skeleton (Tar:7) 3 sheep skeletons 3 giant frog zombies A war dog zombie (Crypt:1) A giant centipede skeleton (Tar:7) 2 gnoll skeletons A snake skeleton (Snake:1) A giant ant zombie (Tar:7) A hound zombie (Tar:7) 5 killer bee zombies An orange rat zombie (Tar:7) An ant larva zombie (Crypt:2) A butterfly skeleton (Vault:6) 2 giant bat zombies 2 giant centipede zombies A goblin zombie (Tar:7) A grey rat skeleton (Crypt:4) A grey rat zombie (Crypt:2) A hobgoblin zombie (Crypt:2) 13 human simulacra (D:16) A jackal zombie (Tar:7) 6 kobold zombies 7 orc skeletons 13 orc zombies 3 rat skeletons 2 rat zombies A snake zombie (Dis:7)
319 creatures vanquished. All 'Z' A titan skeleton (D:25) A golden dragon skeleton (Crypt:5) 12 shadow dragon skeletons 8 fire giant skeletons 3 frost giant skeletons 3 iron troll skeletons 8 stone giant skeletons An elephant slug simulacrum (Crypt:5) A death yak skeleton (Crypt:3) 2 storm dragon skeletons An ice dragon skeleton (Zot:4) A hill giant skeleton (Vault:6) 3 shadow dragon zombies 2 fire giant zombies 2 frost giant zombies 2 iron troll zombies 6 stone giant zombies 5 deep troll skeletons 2 storm dragon zombies 2 boulder beetle skeletons 2 cyclops skeletons 2 death drake skeletons 2 lindwurm skeletons 2 minotaur zombies 2 yaktaur skeletons 2 dragon zombies A griffon zombie (Vault:2) 10 ice dragon zombies 3 very ugly thing zombies 4 hill giant zombies A rock troll zombie (Vault:3) A troll skeleton (Snake:1) 2 deep troll zombies A yaktaur simulacrum (D:20) 3 boulder beetle zombies 4 cyclops zombies 6 death drake zombies A lindwurm zombie (Crypt:2) 3 giant brown frog zombies 2 ogre skeletons A troll simulacrum (D:16) 5 yaktaur zombies An ettin zombie (Crypt:1) 2 hippogriff zombies A troll zombie (Vault:3) A yak zombie (Crypt:3) A two-headed ogre zombie (D:23) 3 ogre simulacra (D:16) 2 giant beetle zombies A mottled dragon zombie (D:13) 2 centaur simulacra (D:16)
140 creatures vanquished.
3848 creatures vanquished. Monster Nature Uniques Ereshkigal (Tar:7) Dispater (Dis:7) Tiamat (Zot:1) Margery (D:24) Geryon (Hell) Xtahua (Vault:7) Frederick (Crypt:1) Rupert (Crypt:1) Duane (D:23) Frances (Snake:2) Wayne (Vault:7) Francis (Snake:5) Louise (Vault:2) Norbert (Vault:1) Jozef (D:19) Josephine (Snake:2) Snorg (Vault:1) Polyphemus (D:24) Joseph (D:15) Urug (D:15) Psyche (D:12) Donald (D:13) Ijyb (D:3) Jessica (D:3)
24 creatures vanquished. Natural Monsters 4 golden dragons 13 Orb Guardians (Zot:5) A titan (Vault:8) 2 deep elf blademasters (Elf:7) 8 shadow dragons 2 sphinxes 12 storm dragons 5 draconian monks 4 frost giants 2 draconian scorchers 8 draconian knights 4 fire giants An azure jelly (Elf:4) 3 draconian zealots 7 pale draconians 10 draconian annihilators 2 draconian shifters 41 stone giants 3 draconian callers 7 mottled draconians 8 yellow draconians 7 deep elf death magi (Elf:7) 7 purple draconians 13 green draconians 6 black draconians 8 red draconians 2 deep elf master archers (Elf:7) 10 deep elf annihilators (Elf:7) 5 white draconians 3 deep elf sorcerers 6 greater nagas (Snake:5) 48 yaktaur captains 10 dragons 2 great orbs of eyes 9 hydras 24 vault guards (Vault:7) 18 death yaks 5 ice dragons 4 grey snakes 7 ogre-magi 3 deep elf demonologists (Elf:7) A grey snake (shapeshifter) (Vault:5) 4 griffons 23 deep trolls A deep elf high priest (Elf:7) A griffon (shapeshifter) (Vault:8) An elephant slug (Lair:9) 24 centaur warriors 33 deep elf knights 2 giant amoebae 7 iron trolls 3 wizards A deep troll (shapeshifter) (Elf:6) A death drake (D:16) A giant amoeba (shapeshifter) (D:24) A hill giant (shapeshifter) (Vault:8) 13 naga warriors 8 hell knights 26 orc knights A swamp dragon (shapeshifter) (D:21) 3 unseen horrors A death drake (shapeshifter) (Vault:8) 6 orc sorcerers 25 hill giants 7 necromancers A red wasp (Vault:7) 2 spiny worms 2 guardian nagas (shapeshifter) A spiny worm (shapeshifter) (D:20) A red wasp (shapeshifter) (Vault:2) 21 moths of wrath 5 wolf spiders 11 giant brown frogs 83 slime creatures 57 yaktaurs 19 black snakes 17 cyclopes 2 yaktaurs (shapeshifter) 8 very ugly things 2 queen bees 21 naga magi 8 giant snails 87 ugly things A giant snail (shapeshifter) (Vault:8) A cyclops (shapeshifter) (Vault:5) 5 rock trolls A redback (Vault:8) 11 trolls 2 redbacks (shapeshifter) 10 komodo dragons An ugly thing (shapeshifter) (Vault:8) 13 two-headed ogres 2 mermaids (shapeshifter) 2 ettins (Vault:1) 2 grizzly bears (Lair:6) 8 spiny frogs A two-headed ogre (shapeshifter) (Vault:8) 4 brown oozes (Elf:4) 68 yaks A giant goldfish (Elf:4) 18 deep elf conjurers 6 hippogriffs 10 giant blowflies 9 giant slugs A bumblebee (shapeshifter) (Elf:2) 4 yellow snakes 15 deep elf summoners 21 deep elf fighters 2 soldier ants A manticore (D:15) 16 blink frogs 2 lava worms (D:13) A manticore (shapeshifter) (Hell) 12 deep elf priests An ogre (shapeshifter) (D:27) 5 wyverns 43 ogres 6 ice beasts 2 mottled dragons 2 nagas (shapeshifter) 7 big kobolds 2 boring beetles A boring beetle (shapeshifter) (D:22) 5 gila monsters 11 yellow wasps 40 centaurs 9 giant lizards 9 war dogs 28 deep elf magi 59 nagas 20 wargs 9 wolves A brain worm (shapeshifter) (Vault:2) 15 giant frogs 6 brain worms 54 orc warriors 33 brown snakes 7 boulder beetles A steam dragon (Lair:7) 156 killer bees 7 big fish An eye of draining (D:11) 6 jellyfish 25 hounds 32 orc priests 4 giant beetles 10 giant ants 48 orc wizards 41 deep elf soldiers 19 orange rats 10 giant iguanas 4 scorpions 10 electrical eels 10 sheep 9 jellies 10 worms 11 gnolls 39 snakes A worm (shapeshifter) (D:18) 3 giant centipedes 3 giant mites 63 green rats 9 oozes 3 giant eyeballs 2 butterflies 7 giant cockroaches 12 giant geckos 18 goblins 22 hobgoblins 22 jackals 261 orcs 7 quokkas 41 rats 4 small snakes 86 giant bats 7 giant newts 68 grey rats 55 killer bee larvae 37 kobolds
2696 creatures vanquished. Non-Living Monsters 3 orbs of fire An electric golem (Zot:1) A vapour (D:23) An iron golem (D:20) 55 dancing weapons 9 mimics A toenail golem (Abyss) A wood golem (D:14) A spatial vortex (Tar:3) A clay golem (Dis:3) 2 orange crystal statues (D:16) 9 insubstantial wisps (Hell) 12 metal gargoyles (Dis:7)
97 creatures vanquished. Undead Monsters 2 ancient liches A curse toe (Zot:4) A greater mummy (D:19) A curse skull (Crypt:5) 5 liches 10 skeletal dragons 2 vampire knights The ghost of daf the Reanimator, a powerful OMNe (Lair:3) 4 death cobs 5 death oozes (Elf:4) A titan skeleton (D:25) A golden dragon skeleton (Crypt:5) 12 shadow dragon skeletons 2 shadow wraiths 8 fire giant skeletons 3 frost giant skeletons 3 iron troll skeletons 8 stone giant skeletons 90 skeletal warriors 2 vampire magi An elephant slug simulacrum (Crypt:5) 4 flayed ghosts 12 spectral warriors A death yak skeleton (Crypt:3) A red draconian skeleton (Zot:4) 2 storm dragon skeletons 2 guardian mummies (D:19) An ice dragon skeleton (Zot:4) A spiny worm skeleton (D:23) A hill giant skeleton (Vault:6) 3 shadow dragon zombies 2 fire giant zombies 2 frost giant zombies 2 iron troll zombies 6 stone giant zombies 5 deep troll skeletons A human skeleton (Crypt:3) 14 vampires 7 hungry ghosts A purple draconian zombie (Zot:4) 2 storm dragon zombies A white draconian zombie (Zot:5) 2 boulder beetle skeletons 2 cyclops skeletons 2 death drake skeletons 2 lindwurm skeletons 28 wraiths 2 minotaur zombies 2 queen ant zombies (Crypt:4) A guardian naga skeleton (Crypt:2) 20 ugly thing skeletons 2 yaktaur skeletons 12 freezing wraiths 2 dragon zombies A griffon zombie (Vault:2) 10 ice dragon zombies 3 very ugly thing zombies 42 necrophages 10 phantoms 3 grey snake zombies 4 hill giant zombies A rock troll zombie (Vault:3) 2 bumblebee skeletons 2 queen bee skeletons A troll skeleton (Snake:1) 2 deep troll zombies 5 ghouls 2 blink frog skeletons A hog skeleton (Crypt:3) 4 redback skeletons A yellow snake skeleton (Tar:7) A guardian naga simulacrum (Crypt:2) An ugly thing simulacrum (D:18) A yaktaur simulacrum (D:20) 3 boulder beetle zombies 4 cyclops zombies 6 death drake zombies A lindwurm zombie (Crypt:2) 2 brain worm skeletons 3 giant brown frog zombies A guardian naga zombie (Crypt:5) 20 human zombies A naga skeleton (Snake:2) 2 ogre skeletons A troll simulacrum (D:16) 2 ugly thing zombies 5 yaktaur zombies 24 wights 2 black snake zombies (Tar:7) 2 bumblebee zombies An ettin zombie (Crypt:1) 2 hippogriff zombies A queen bee zombie (Crypt:4) A troll zombie (Vault:3) A yak zombie (Crypt:3) 48 shadows A swamp drake skeleton (Tar:7) 3 blink frog zombies A firedrake zombie (Dis:1) A hog zombie (Crypt:3) A redback zombie (Crypt:2) A soldier ant zombie (Dis:3) A two-headed ogre zombie (D:23) A yellow snake zombie (Tar:7) 3 ogre simulacra (D:16) 4 big kobold zombies A brain worm zombie (Crypt:2) 8 elf zombies 2 giant beetle zombies 3 giant lizard zombies A mottled dragon zombie (D:13) A naga zombie (Crypt:2) 2 worm zombies 5 wyvern zombies 42 flying skulls An orange rat skeleton (Tar:7) 3 sheep skeletons 2 centaur simulacra (D:16) 10 mummies 3 giant frog zombies A war dog zombie (Crypt:1) A giant centipede skeleton (Tar:7) 2 gnoll skeletons A snake skeleton (Snake:1) A giant ant zombie (Tar:7) A hound zombie (Tar:7) 5 killer bee zombies An orange rat zombie (Tar:7) An ant larva zombie (Crypt:2) A butterfly skeleton (Vault:6) 2 giant bat zombies 2 giant centipede zombies A goblin zombie (Tar:7) A grey rat skeleton (Crypt:4) A grey rat zombie (Crypt:2) A hobgoblin zombie (Crypt:2) 13 human simulacra (D:16) A jackal zombie (Tar:7) 6 kobold zombies 7 orc skeletons 13 orc zombies 3 rat skeletons 2 rat zombies A snake zombie (Dis:7)
711 creatures vanquished. Demonic Monsters 5 Fiends 4 Ice Fiends 7 Shadow Fiends A Balrug (Crypt:5) 5 Executioners 16 tentacled monstrosities 3 Green Deaths A Pit Fiend (Crypt:5) 5 hell-hogs A rakshasa (Vault:3) 2 sun demons A soul eater (Tar:7) 5 ice devils 7 hellions 26 reapers 19 tormentors 2 smoke demons 2 hellwings 2 efreeti 3 ynoxinuls 7 blue devils 6 shadow demons An orange demon (D:22) A hairy devil (Dis:2) A neqoxec (D:19) 39 hell hounds 7 red devils 44 iron devils 5 rotting devils A beast (D:21) An abomination (D:23) 25 imps A quasit (D:7) 4 lemures 5 midges A manes (Dis:5) 10 shadow imps 23 ufetubi 17 illusory rakshasas
316 creatures vanquished. Plants A fungus (Elf:7) 3 plants
4 creatures vanquished.
3848 creatures vanquished. Ascending Order Ereshkigal (Tar:7) Dispater (Dis:7) Tiamat (Zot:1) A curse toe (Zot:4) A greater mummy (D:19) Margery (D:24) Geryon (Hell) An electric golem (Zot:1) Xtahua (Vault:7) Frederick (Crypt:1) Rupert (Crypt:1) A curse skull (Crypt:5) A titan (Vault:8) Duane (D:23) Frances (Snake:2) Wayne (Vault:7) A Balrug (Crypt:5) Francis (Snake:5) Louise (Vault:2) An azure jelly (Elf:4) A Pit Fiend (Crypt:5) Norbert (Vault:1) Jozef (D:19) A vapour (D:23) Josephine (Snake:2) The ghost of daf the Reanimator, a powerful OMNe (Lair:3) Snorg (Vault:1) A titan skeleton (D:25) Polyphemus (D:24) A grey snake (shapeshifter) (Vault:5) A golden dragon skeleton (Crypt:5) A rakshasa (Vault:3) A deep elf high priest (Elf:7) A griffon (shapeshifter) (Vault:8) An elephant slug (Lair:9) An iron golem (D:20) A soul eater (Tar:7) A deep troll (shapeshifter) (Elf:6) Joseph (D:15) A death drake (D:16) A giant amoeba (shapeshifter) (D:24) A hill giant (shapeshifter) (Vault:8) A swamp dragon (shapeshifter) (D:21) A death drake (shapeshifter) (Vault:8) An elephant slug simulacrum (Crypt:5) A red wasp (Vault:7) Urug (D:15) A spiny worm (shapeshifter) (D:20) A red wasp (shapeshifter) (Vault:2) A death yak skeleton (Crypt:3) A red draconian skeleton (Zot:4) Psyche (D:12) An ice dragon skeleton (Zot:4) A spiny worm skeleton (D:23) Donald (D:13) A giant snail (shapeshifter) (Vault:8) A cyclops (shapeshifter) (Vault:5) A redback (Vault:8) A hill giant skeleton (Vault:6) An ugly thing (shapeshifter) (Vault:8) A two-headed ogre (shapeshifter) (Vault:8) A human skeleton (Crypt:3) A giant goldfish (Elf:4) A toenail golem (Abyss) A wood golem (D:14) A bumblebee (shapeshifter) (Elf:2) A purple draconian zombie (Zot:4) A white draconian zombie (Zot:5) A spatial vortex (Tar:3) A clay golem (Dis:3) A manticore (D:15) An orange demon (D:22) A hairy devil (Dis:2) A neqoxec (D:19) A manticore (shapeshifter) (Hell) An ogre (shapeshifter) (D:27) A guardian naga skeleton (Crypt:2) A griffon zombie (Vault:2) A boring beetle (shapeshifter) (D:22) A rock troll zombie (Vault:3) A troll skeleton (Snake:1) A brain worm (shapeshifter) (Vault:2) A beast (D:21) An abomination (D:23) A steam dragon (Lair:7) A hog skeleton (Crypt:3) A yellow snake skeleton (Tar:7) A guardian naga simulacrum (Crypt:2) An ugly thing simulacrum (D:18) A yaktaur simulacrum (D:20) A lindwurm zombie (Crypt:2) An eye of draining (D:11) A guardian naga zombie (Crypt:5) A naga skeleton (Snake:2) A troll simulacrum (D:16) A quasit (D:7) A yak zombie (Crypt:3) A queen bee zombie (Crypt:4) An ettin zombie (Crypt:1) A troll zombie (Vault:3) Ijyb (D:3) A swamp drake skeleton (Tar:7) A hog zombie (Crypt:3) A yellow snake zombie (Tar:7) A soldier ant zombie (Dis:3) A firedrake zombie (Dis:1) A redback zombie (Crypt:2) A two-headed ogre zombie (D:23) A brain worm zombie (Crypt:2) A mottled dragon zombie (D:13) A naga zombie (Crypt:2) A worm (shapeshifter) (D:18) An orange rat skeleton (Tar:7) A manes (Dis:5) A war dog zombie (Crypt:1) A snake skeleton (Snake:1) Jessica (D:3) A giant centipede skeleton (Tar:7) A giant ant zombie (Tar:7) A hound zombie (Tar:7) An orange rat zombie (Tar:7) A butterfly skeleton (Vault:6) A jackal zombie (Tar:7) A grey rat zombie (Crypt:2) A snake zombie (Dis:7) A goblin zombie (Tar:7) A grey rat skeleton (Crypt:4) An ant larva zombie (Crypt:2) A hobgoblin zombie (Crypt:2) A fungus (Elf:7) 2 ancient liches 2 deep elf blademasters (Elf:7) 2 sphinxes 2 draconian scorchers 2 draconian shifters 2 deep elf master archers (Elf:7) 2 vampire knights 2 great orbs of eyes 2 sun demons 2 shadow wraiths 2 giant amoebae 2 vampire magi 2 spiny worms 2 guardian nagas (shapeshifter) 2 storm dragon skeletons 2 guardian mummies (D:19) 2 yaktaurs (shapeshifter) 2 smoke demons 2 hellwings 2 efreeti 2 queen bees 2 redbacks (shapeshifter) 2 mermaids (shapeshifter) 2 ettins (Vault:1) 2 grizzly bears (Lair:6) 2 iron troll zombies 2 fire giant zombies 2 frost giant zombies 2 storm dragon zombies 2 lindwurm skeletons 2 death drake skeletons 2 boulder beetle skeletons 2 cyclops skeletons 2 soldier ants 2 queen ant zombies (Crypt:4) 2 minotaur zombies 2 lava worms (D:13) 2 orange crystal statues (D:16) 2 yaktaur skeletons 2 dragon zombies 2 mottled dragons 2 nagas (shapeshifter) 2 boring beetles 2 queen bee skeletons 2 bumblebee skeletons 2 deep troll zombies 2 blink frog skeletons 2 brain worm skeletons 2 ugly thing zombies 2 ogre skeletons 2 bumblebee zombies 2 hippogriff zombies 2 black snake zombies (Tar:7) 2 giant beetle zombies 2 worm zombies 2 centaur simulacra (D:16) 2 gnoll skeletons 2 butterflies 2 giant bat zombies 2 giant centipede zombies 2 rat zombies 3 orbs of fire 3 draconian zealots 3 Green Deaths 3 draconian callers 3 deep elf sorcerers 3 deep elf demonologists (Elf:7) 3 wizards 3 iron troll skeletons 3 frost giant skeletons 3 unseen horrors 3 shadow dragon zombies 3 ynoxinuls 3 very ugly thing zombies 3 grey snake zombies 3 boulder beetle zombies 3 giant brown frog zombies 3 blink frog zombies 3 ogre simulacra (D:16) 3 giant lizard zombies 3 sheep skeletons 3 giant centipedes 3 giant mites 3 giant frog zombies 3 giant eyeballs 3 rat skeletons 3 plants 4 golden dragons 4 Ice Fiends 4 frost giants 4 fire giants 4 death cobs 4 grey snakes 4 griffons 4 flayed ghosts 4 brown oozes (Elf:4) 4 yellow snakes 4 hill giant zombies 4 redback skeletons 4 cyclops zombies 4 giant beetles 4 scorpions 4 lemures 4 big kobold zombies 4 small snakes 5 Fiends 5 liches 5 Executioners 5 draconian monks 5 white draconians 5 death oozes (Elf:4) 5 ice dragons 5 hell-hogs 5 ice devils 5 wolf spiders 5 rock trolls 5 deep troll skeletons 5 wyverns 5 gila monsters 5 rotting devils 5 ghouls 5 yaktaur zombies 5 wyvern zombies 5 midges 5 killer bee zombies 6 black draconians 6 greater nagas (Snake:5) 6 orc sorcerers 6 stone giant zombies 6 hippogriffs 6 shadow demons 6 ice beasts 6 brain worms 6 death drake zombies 6 jellyfish 6 kobold zombies 7 Shadow Fiends 7 pale draconians 7 mottled draconians 7 deep elf death magi (Elf:7) 7 purple draconians 7 ogre-magi 7 iron trolls 7 necromancers 7 hellions 7 blue devils 7 hungry ghosts 7 red devils 7 big kobolds 7 boulder beetles 7 big fish 7 quokkas 7 giant cockroaches 7 orc skeletons 7 giant newts 8 shadow dragons 8 draconian knights 8 yellow draconians 8 red draconians 8 fire giant skeletons 8 stone giant skeletons 8 hell knights 8 very ugly things 8 giant snails 8 spiny frogs 8 elf zombies 9 hydras 9 mimics 9 giant slugs 9 insubstantial wisps (Hell) 9 giant lizards 9 war dogs 9 wolves 9 jellies 9 oozes 10 skeletal dragons 10 draconian annihilators 10 deep elf annihilators (Elf:7) 10 dragons 10 komodo dragons 10 giant blowflies 10 ice dragon zombies 10 phantoms 10 giant ants 10 giant iguanas 10 electrical eels 10 sheep 10 worms 10 shadow imps 10 mummies 11 giant brown frogs 11 trolls 11 yellow wasps 11 gnolls 12 storm dragons 12 shadow dragon skeletons 12 spectral warriors 12 metal gargoyles (Dis:7) 12 deep elf priests 12 freezing wraiths 12 giant geckos 13 Orb Guardians (Zot:5) 13 green draconians 13 naga warriors 13 two-headed ogres 13 human simulacra (D:16) 13 orc zombies 14 vampires 15 deep elf summoners 15 giant frogs 16 tentacled monstrosities 16 blink frogs 17 cyclopes 17 illusory rakshasas 18 death yaks 18 deep elf conjurers 18 goblins 19 black snakes 19 tormentors 19 orange rats 20 ugly thing skeletons 20 wargs 20 human zombies 21 moths of wrath 21 naga magi 21 deep elf fighters 22 hobgoblins 22 jackals 23 deep trolls 23 ufetubi 24 vault guards (Vault:7) 24 centaur warriors 24 wights 25 hill giants 25 imps 25 hounds 26 orc knights 26 reapers 28 wraiths 28 deep elf magi 32 orc priests 33 deep elf knights 33 brown snakes 37 kobolds 39 hell hounds 39 snakes 40 centaurs 41 stone giants 41 deep elf soldiers 41 rats 42 necrophages 42 flying skulls 43 ogres 44 iron devils 48 yaktaur captains 48 orc wizards 48 shadows 54 orc warriors 55 dancing weapons 55 killer bee larvae 57 yaktaurs 59 nagas 63 green rats 68 yaks 68 grey rats 83 slime creatures 86 giant bats 87 ugly things 90 skeletal warriors 156 killer bees 261 orcs
3848 creatures vanquished. The 3-digit Club 156 killer bees 261 orcs
417 creatures vanquished. ----------------------------------------

Vanquished Creatures (others)
  Monster Symbol All ' '
  A shadow (Dis:7)
1 creature vanquished. All '(' A dancing weapon (Blade)
1 creature vanquished. All '@' Michael (D:16)
1 creature vanquished. All '%' 2 death cobs
2 creatures vanquished. All '5' An imp (Dis:1) 7 ufetubi (Abyss)
8 creatures vanquished. All '8' An electric golem (Zot:5)
1 creature vanquished. All 'a' A giant ant (D:7) A giant cockroach (D:18)
2 creatures vanquished. All 'c' A yaktaur captain (Hell) A centaur (D:18)
2 creatures vanquished. All 'd' A draconian scorcher (Zot:3) A draconian caller (Zot:5) A red draconian (Zot:4) A purple draconian (Zot:1)
4 creatures vanquished. All 'D' A golden dragon (Zot:4) A storm dragon (Zot:4) An ice dragon (Zot:4)
3 creatures vanquished. All 'e' A deep elf high priest (Vault:8) A deep elf fighter (Elf:1) A deep elf mage (Elf:4)
3 creatures vanquished. All 'F' A blink frog (Lair:3) 2 giant frogs
3 creatures vanquished. All 'g' A goblin (D:11)
1 creature vanquished. All 'h' A warg (Vault:7) A war dog (Lair:7)
2 creatures vanquished. All 'J' A giant amoeba (D:21) A slime creature (D:19)
2 creatures vanquished. All 'k' A killer bee (Hive:4)
1 creature vanquished. All 'K' A kobold (D:8)
1 creature vanquished. All 'l' A giant lizard (Lair:3)
1 creature vanquished. All 'n' A ghoul (Zot:4)
1 creature vanquished. All 'N' A naga (Snake:5)
1 creature vanquished. All 'o' An orc wizard (D:7) 9 orcs
10 creatures vanquished. All 'r' 3 green rats 4 grey rats (Lair:7)
7 creatures vanquished. All 'T' A deep troll (Vault:8)
1 creature vanquished. All 'w' 2 killer bee larvae
2 creatures vanquished. All 'x' An abomination (Lair:4)
1 creature vanquished. All 'X' 3 Orb Guardians (Zot:5)
3 creatures vanquished. All 'y' A moth of wrath (Zot:4)
1 creature vanquished. All 'Y' 2 yaks
2 creatures vanquished. All 'z' 3 flying skulls A wyvern zombie (D:14) An elf simulacrum (D:16) A kobold zombie (Dis:2) 2 orc zombies A snake zombie (Dis:6)
9 creatures vanquished.
77 creatures vanquished. Monster Nature Uniques Michael (D:16)
1 creature vanquished. Natural Monsters A golden dragon (Zot:4) 3 Orb Guardians (Zot:5) A storm dragon (Zot:4) A draconian scorcher (Zot:3) A draconian caller (Zot:5) A red draconian (Zot:4) A purple draconian (Zot:1) A yaktaur captain (Hell) A deep elf high priest (Vault:8) A deep troll (Vault:8) A giant amoeba (D:21) An ice dragon (Zot:4) A slime creature (D:19) A moth of wrath (Zot:4) A blink frog (Lair:3) 2 yaks A deep elf fighter (Elf:1) A naga (Snake:5) A centaur (D:18) A deep elf mage (Elf:4) A warg (Vault:7) A giant lizard (Lair:3) A war dog (Lair:7) 2 giant frogs A killer bee (Hive:4) A giant ant (D:7) An orc wizard (D:7) 3 green rats A goblin (D:11) 4 grey rats (Lair:7) 9 orcs A giant cockroach (D:18) 2 killer bee larvae A kobold (D:8)
52 creatures vanquished. Non-Living Monsters An electric golem (Zot:5) A dancing weapon (Blade)
2 creatures vanquished. Undead Monsters 2 death cobs A ghoul (Zot:4) A shadow (Dis:7) 3 flying skulls A wyvern zombie (D:14) An elf simulacrum (D:16) A kobold zombie (Dis:2) 2 orc zombies A snake zombie (Dis:6)
13 creatures vanquished. Demonic Monsters An imp (Dis:1) An abomination (Lair:4) 7 ufetubi (Abyss)
9 creatures vanquished.
77 creatures vanquished. Ascending Order An electric golem (Zot:5) A golden dragon (Zot:4) A storm dragon (Zot:4) A draconian scorcher (Zot:3) A draconian caller (Zot:5) A red draconian (Zot:4) A purple draconian (Zot:1) A yaktaur captain (Hell) A deep elf high priest (Vault:8) A deep troll (Vault:8) A giant amoeba (D:21) An ice dragon (Zot:4) A dancing weapon (Blade) Michael (D:16) A slime creature (D:19) A moth of wrath (Zot:4) A blink frog (Lair:3) A deep elf fighter (Elf:1) A naga (Snake:5) A centaur (D:18) A deep elf mage (Elf:4) A warg (Vault:7) A giant lizard (Lair:3) A war dog (Lair:7) A ghoul (Zot:4) A killer bee (Hive:4) An imp (Dis:1) A giant ant (D:7) An orc wizard (D:7) A shadow (Dis:7) An abomination (Lair:4) A wyvern zombie (D:14) An elf simulacrum (D:16) A goblin (D:11) A giant cockroach (D:18) A kobold (D:8) A kobold zombie (Dis:2) A snake zombie (Dis:6) 2 death cobs 2 yaks 2 giant frogs 2 orc zombies 2 killer bee larvae 3 Orb Guardians (Zot:5) 3 flying skulls 3 green rats 4 grey rats (Lair:7) 7 ufetubi (Abyss) 9 orcs
77 creatures vanquished. ----------------------------------------

Grand Total: 3925 creatures vanquished

Notes
Turn   | Place    | Note
--------------------------------------------------------------
     0 | D:1      | splat, the Mountain Dwarf Paladin, began the quest for the Orb.
     0 | D:1      | Reached XP level 1. HP: 15/15 MP: 0/0
   292 | D:1      | Reached XP level 2. HP: 17/20 MP: 1/1
   677 | D:1      | Acquired The Shining One's first power
  1410 | D:2      | Reached XP level 3. HP: 25/26 MP: 2/2
  2238 | D:3      | Noticed an orc priest
  2406 | D:3      | Reached XP level 4. HP: 27/32 MP: 3/3
  2481 | D:3      | Noticed Jessica
  2486 | D:3      | Defeated Jessica
  2907 | D:3      | Defeated an orc priest
  2907 | D:3      | Reached XP level 5. HP: 23/39 MP: 4/4
  3175 | D:3      | Noticed Ijyb
  3191 | D:3      | Defeated Ijyb
  3885 | D:4      | Reached XP level 6. HP: 42/45 MP: 5/5
  4157 | D:5      | Entered Level 5 of the Dungeon
  4928 | D:5      | Reached XP level 7. HP: 46/53 MP: 6/6
  5279 | D:5      | Noticed an orc priest
  5285 | D:5      | Defeated an orc priest
  5507 | D:6      | Acquired The Shining One's second power
  6397 | D:7      | Noticed an orc priest
  6614 | D:6      | Reached XP level 8. HP: 58/61 MP: 7/7
  6718 | Temple   | Entered the Ecumenical Temple
  6800 | Temple   | Gained mutation: Your muscles are strong (Str +1).
  6824 | Temple   | Lost mutation: Your muscles are strong (Str +1).
  6950 | Temple   | Identified the +0 shield "Rafihuom" (You acquired it on level 7 of the Dungeon)
  7060 | D:7      | Defeated an orc priest
  7905 | D:8      | Noticed an orc priest
  8203 | D:8      | Noticed an orc priest
  8215 | D:8      | Defeated an orc priest
  8227 | D:8      | Reached XP level 9. HP: 57/66 MP: 8/8
  8372 | D:8      | Defeated an orc priest
  9622 | D:10     | Entered Level 10 of the Dungeon
 10357 | D:10     | Reached XP level 10. HP: 77/77 MP: 9/9
 11221 | D:11     | Noticed a queen bee
 11232 | D:11     | Defeated a queen bee
 11786 | D:11     | Reached XP level 11. HP: 73/87 MP: 10/10
 12888 | D:12     | Noticed Psyche
 12894 | D:12     | Defeated Psyche
 13167 | D:12     | Noticed a giant slug
 13168 | D:12     | Noticed a giant slug
 13168 | D:12     | Noticed a giant slug
 13168 | D:12     | Noticed a giant snail
 13169 | D:12     | Noticed a giant snail
 13169 | D:12     | Noticed a giant snail
 13185 | D:12     | Defeated a giant slug
 13207 | D:12     | Defeated a giant snail
 13236 | D:12     | Defeated a giant snail
 13268 | D:12     | Defeated a giant slug
 13277 | D:12     | Defeated a giant slug
 13282 | D:12     | Defeated a giant snail
 13856 | D:12     | Noticed a frost giant
 13895 | Lair:1   | Entered Level 1 of the Lair of Beasts
 14103 | Lair:2   | Acquired The Shining One's third power
 14322 | Lair:3   | Defeated daf's ghost
 15735 | Lair:3   | Reached XP level 12. HP: 60/97 MP: 11/11
 16372 | Lair:2   | Gained mutation: Your muscles are strong (Str +1).
 16372 | Lair:2   | Gained mutation: You have tough skin (AC +1).
 16372 | Lair:2   | Gained mutation: You are clumsy (Dex -1).
 18976 | Lair:7   | Acquired The Shining One's fourth power
 21205 | Lair:9   | Reached XP level 13. HP: 93/106 MP: 12/12
 21962 | Lair:10  | Entered Level 10 of the Lair of Beasts
 24050 | Orc:1    | Entered Level 1 of the Orcish Mines
 24665 | Orc:2    | Reached XP level 14. HP: 117/117 MP: 13/13
 24851 | Orc:2    | Identified the +1 buckler of Blefegh (You bought it in a shop on level 2 of the Orcish Mines)
 25576 | Orc:4    | Entered Level 4 of the Orcish Mines
 27557 | D:13     | Noticed Donald
 27566 | D:13     | Defeated Donald
 29001 | D:13     | Noticed a fire giant
 29044 | D:13     | Defeated a fire giant
 29809 | D:13     | Identified the +2,+7 scimitar "Gaoreyroo" {holy, +4 ac, +fire} (You found it on level 13 of the Dungeon)
 30085 | Lair:1   | Identified the amulet of Cekugob (You found it on level 13 of the Dungeon)
 30119 | D:12     | Defeated a frost giant
 30621 | D:14     | Reached XP level 15. HP: 126/129 MP: 14/14
 31172 | D:14     | Identified the +2 plate mail of the Tomb of the Ancients (You bought it in a shop on level 14 of the Dungeon)
 31895 | D:14     | Noticed a redback
 31899 | D:14     | Defeated a redback
 32103 | D:15     | Entered Level 15 of the Dungeon
 32286 | D:15     | Noticed Joseph
 32290 | D:15     | Defeated Joseph
 34457 | D:16     | Noticed a lich
 34460 | D:16     | Defeated a lich
 35272 | D:16     | Noticed a spectral warrior
 35294 | D:16     | Defeated a spectral warrior
 35516 | D:16     | Noticed a glaive
 35518 | D:16     | Noticed a war axe
 35532 | D:16     | Noticed a runed battleaxe
 35532 | D:16     | Defeated a glaive
 35533 | D:16     | Defeated a war axe
 35533 | D:16     | Reached XP level 16. HP: 80/140 MP: 15/15
 35538 | D:16     | Defeated a runed battleaxe
 35966 | D:16     | Noticed Michael
 35984 | D:16     | Defeated Michael
 37097 | Hive:1   | Entered Level 1 of the Hive
 38109 | Hive:4   | Entered Level 4 of the Hive
 40113 | Snake:1  | Entered Level 1 of the Snake Pit
 40863 | Snake:2  | Noticed Josephine
 40867 | Snake:2  | Noticed Frances
 41361 | Snake:2  | Defeated Josephine
 41370 | Snake:2  | Defeated Frances
 43270 | Snake:5  | Entered Level 5 of the Snake Pit
 43271 | Snake:5  | Noticed Francis
 43280 | Snake:5  | Defeated Francis
 44007 | Snake:5  | Reached XP level 17. HP: 113/150 MP: 16/16
 46588 | D:18     | Noticed a deep elf sorcerer
 46589 | D:18     | Noticed a stone giant
 46621 | D:18     | Noticed a stone giant
 46624 | D:18     | Defeated a deep elf sorcerer
 46637 | D:18     | Defeated a stone giant
 46698 | D:18     | Defeated a stone giant
 47329 | D:18     | Noticed a stone giant
 47337 | D:18     | Defeated a stone giant
 48081 | D:19     | Reached XP level 18. HP: 147/162 MP: 17/17
 48473 | D:19     | Gained mutation: You are dopey (Int -1).
 48653 | D:19     | Noticed Jozef
 48664 | D:19     | Defeated Jozef
 49076 | D:20     | Entered Level 20 of the Dungeon
 50396 | Hive:1   | Identified the ring "Skuishu" (You found it on level 18 of the Dungeon)
 53178 | D:22     | Reached XP level 19. HP: 166/169 MP: 18/18
 53429 | Port     | Entered a Portal Chamber
 53737 | D:23     | Noticed Duane
 53890 | D:23     | Defeated Duane
 56021 | D:24     | Noticed Margery
 56041 | D:24     | Defeated Margery
 56485 | D:24     | Noticed Polyphemus
 56505 | D:24     | Defeated Polyphemus
 56569 | D:24     | Reached XP level 20. HP: 152/183 MP: 18/18
 57178 | D:25     | Entered Level 25 of the Dungeon
 59835 | D:27     | Entered Level 27 of the Dungeon
 60466 | D:27     | Reached XP level 21. HP: 141/195 MP: 16/24
 61893 | D:15     | Noticed Urug
 61923 | D:15     | Defeated Urug
 63129 | Vault:1  | Entered Level 1 of the Vaults
 63318 | Vault:1  | Noticed Snorg
 63327 | Vault:1  | Defeated Snorg
 63400 | Vault:1  | Noticed Norbert
 63415 | Vault:1  | Defeated Norbert
 64566 | Vault:2  | Noticed Louise
 64580 | Vault:2  | Defeated Louise
 67693 | Blade    | Entered the Hall of Blades
 67897 | Blade    | Reached XP level 22. HP: 190/207 MP: 25/25
 69928 | Crypt:1  | Entered Level 1 of the Crypt
 69987 | Crypt:1  | Noticed Frederick
 70010 | Crypt:1  | Defeated Frederick
 70041 | Crypt:1  | Noticed Rupert
 70052 | Crypt:1  | Defeated Rupert
 73685 | Crypt:5  | Entered Level 5 of the Crypt
 73974 | Crypt:5  | Reached XP level 23. HP: 113/217 MP: 26/26
 74767 | Crypt:5  | Identified the ring "Afehe" (You found it on level 5 of the Crypt)
 77260 | Vault:7  | Noticed Xtahua
 77276 | Vault:7  | Defeated Xtahua
 77675 | Vault:7  | Noticed Wayne
 77695 | Vault:7  | Defeated Wayne
 77890 | Vault:8  | Entered Level 8 of the Vaults
 79943 | Vault:8  | Reached XP level 24. HP: 229/229 MP: 26/26
 80363 | Vault:8  | Identified the ring "Ahenyfekh" (You found it on level 8 of the Vaults)
 80377 | Vault:8  | Identified the ring of the Jolly Wars (You acquired it on level 8 of the Vaults)
 80377 | Vault:8  | Identified the +0 dragon armour of the Dice (You found it on level 8 of the Vaults)
 81046 | Vault:8  | Identified the +3 plate mail "Kabbi" (You bought it in a shop on level 8 of the Vaults)
 81046 | Vault:8  | Identified the +4,+3 executioner's axe of Peliacou (You found it on level 8 of the Vaults)
 83495 | Elf:1    | Entered Level 1 of the Elven Halls
 84800 | Elf:2    | Reached XP level 25. HP: 236/241 MP: 27/27
 87458 | Elf:7    | Entered Level 7 of the Elven Halls
 89693 | Elf:7    | Identified the +0 shield of the Iron Devil (You found it on level 7 of the Elven Halls)
 90748 | Temple   | Received a gift from The Shining One
 91449 | Hell     | Entered The Vestibule of Hell
 91450 | Hell     | Noticed Geryon
 91479 | Hell     | Defeated Geryon
 91527 | D:21     | Identified the +5,+9 blessed blade of The Shining One's Generosity {+fire, SI} (The Shining One gifted it to you in the Ecumenical Temple)
 91998 | Hell     | Reached XP level 26. HP: 186/254 MP: 26/27
 92943 | Tar:1    | Entered Level 1 of Tartarus
 93781 | Tar:7    | Entered Level 7 of Tartarus
 94268 | Tar:7    | Noticed Ereshkigal
 94290 | Tar:7    | Defeated Ereshkigal
 95224 | Hive:1   | Identified the ring "Dyukkame" (You found it on level 7 of Tartarus)
 95225 | Hive:1   | Identified the ring "Throdiud" (You found it on level 7 of Tartarus)
 95226 | Hive:1   | Identified the +2 plate mail "Wefuot" (You found it on level 7 of Tartarus)
 95584 | Dis:1    | Entered Level 1 of the Iron City of Dis
 96534 | Dis:3    | Reached XP level 27. HP: 263/268 MP: 27/27
 97134 | Dis:5    | Cast into the Abyss (the effects of Hell)
 97134 | Abyss    | Entered The Abyss
 97706 | Dis:7    | Entered Level 7 of the Iron City of Dis
 98614 | Dis:7    | Noticed Dispater
 98643 | Dis:7    | Defeated Dispater
 99636 | Zot:1    | Entered Level 1 of the Realm of Zot
 99680 | Zot:1    | Lost mutation: You are dopey (Int -1).
 99706 | Zot:1    | Noticed Tiamat
 99759 | Zot:1    | HP: 10/273 [yellow draconian shifter/whip (4)]
100173 | Zot:1    | Defeated Tiamat
101576 | Zot:2    | Gained mutation: You are dopey (Int -1).
108391 | Zot:5    | Entered Level 5 of the Realm of Zot
109022 | Zot:5    | Gained mutation: Your body is slowly deteriorating.
109027 | Zot:5    | Gained mutation: Your digestive system is specialised to digest meat.
109030 | Zot:5    | Gained mutation: You are clumsy (Dex -2).
109137 | Zot:5    | Gained mutation: You occasionally shout uncontrollably.
109146 | Zot:5    | Lost mutation: You have tough skin (AC +1).
109146 | Zot:5    | Lost mutation: Your body is slowly deteriorating.
109146 | Zot:5    | Lost mutation: You are clumsy (Dex -2).
109347 | Zot:4    | Lost mutation: You are clumsy (Dex -1).
109347 | Zot:4    | Lost mutation: You occasionally shout uncontrollably.
109347 | Zot:4    | Lost mutation: You are dopey (Int -1).
109347 | Zot:4    | Lost mutation: Your muscles are strong (Str +1).
109347 | Zot:4    | Lost mutation: Your digestive system is specialised to digest meat.
110035 | D:$      | Escaped with the Orb!
